 Dungeon Crawl Stone Soup version 0.25-a0-577-ga4619f409e (webtiles) character file.

Game seed: 9699491170526744513, levelgen mode: deterministic

59 Esekla the Stinger (level 4, -4/28 HPs)
             Began as an Octopode Venom Mage on Mar 2, 2020.
             Splashed by a jelly's acid (8 damage)
             ... on level 3 of the Dungeon.
             The game lasted 00:09:50 (1257 turns).

Esekla the Stinger (Octopode Venom Mage)            Turns: 1257, Time: 00:09:50

Health: -4/28      AC: -11   Str:  8    XL:     4   Next: 3%
Magic:  7/7        EV: 13    Int: 17    God:
Gold:   50         SH:  0    Dex: 12    Spells: 5/8 levels left

rFire    . . .     SeeInvis .   i - +3 short sword
rCold    . . .     Gourm    .   (no shield)
rNeg     . . .     Faith    .   (helmet restricted)
rPois    +         Spirit   .   (no amulet)
rElec    .         Reflect  .   e - ring of poison resistance
rCorr    .         Harm     .   g - +3 ring of slaying
MR       .....                  (no ring)
Stlth    +++.......             (no ring)
HPRegen  0.09/turn              (no ring)
MPRegen  0.10/turn              (no ring)
                                (no ring)
                                (no ring)

@: corroded
A: almost no armour, stealthy swim, amphibious, 8 rings, constrict 8, camouflage
1, gelatinous body 1
a: no special abilities


You were on level 3 of the Dungeon.
You were not hungry.

You visited 1 branch of the dungeon, and saw 3 of its levels.

You collected 50 gold pieces.

Inventory:

Hand Weapons
 h - a +0 whip
 i - a +3 short sword (weapon)
 l - a +0 spear
Jewellery
 e - a ring of poison resistance (left tentacle)
 g - a +3 ring of slaying (right tentacle)
Scrolls
 c - 2 scrolls of identify {unknown}
 j - a scroll of remove curse {unknown}
Potions
 a - a potion of heal wounds
 d - a potion of stabbing {unknown}
 f - a potion of curing {unknown}
 k - a potion of brilliance {unknown}
Comestibles
 b - 4 rations
 m - 5 chunks of flesh


   Skills:
 * Level 1.0 Fighting
 + Level 0.2 Short Blades
 * Level 2.4 Dodging
 + Level 3.2 Stealth
 * Level 2.5 Spellcasting
 - Level 1.0 Transmutations
 * Level 0.3 Air Magic
 + Level 4.3 Poison Magic


You had 5 spell levels left.
You knew the following spells:

 Your Spells              Type           Power        Failure   Level  Hunger
a - Sting                 Tmut/Pois      ##..         6%          1    #......
v - Poisonous Vapours     Pois/Air       ##....       11%         2    ##.....

Your spell library contained the following spells:

 Spells                   Type           Power        Failure   Level  Hunger
 Ignite Poison            Fire/Tmut/Pois #.......     26%         3    ###....
 Mephitic Cloud           Conj/Pois/Air  #.......     28%         3    ###....
 Olgreb's Toxic Radiance  Pois           ###.....     30%         4    #####..


Dungeon Overview and Level Annotations

Branches:
Dungeon (3/15)

Altars:
Fedhas
Trog

Annotations:
D:2 Sigmund


Innate Abilities, Weirdness & Mutations

You cannot wear most types of armour.
You are very stealthy in the water. (Stealth+)
You are amphibious.
You can wear up to eight rings at the same time.
You can use your tentacles to constrict eight enemies at once.
Your skin changes colour to match your surroundings (Stealth+).
Your rubbery body absorbs attacks. (AC +1, EV +1)


Message History

Aim: a jelly The sting hits the jelly.
The jelly partially resists.
The jelly is poisoned.
The jelly is lightly wounded.
You hit the jelly. The acid corrodes you!
Your tentacles burn!
The jelly is lightly wounded.
The jelly closely misses you.
You hit the jelly.
Your tentacles burn!
The jelly is heavily wounded.
The jelly hits you. The acid corrodes you!
You are splashed with acid.
* * * LOW HITPOINT WARNING * * *
The jelly barely misses you.
You open the door. The jelly barely misses you.
There is an open door here.
The jelly looks more healthy.
You barely miss the jelly.
The jelly is almost dead.
The jelly hits you.
* * * LOW HITPOINT WARNING * * *
The acid corrodes you!
You are splashed with acid!
You die...

+......>.###......#.#.....#
#####........##...#.........#.#
#...#........'.......##)##.^...
###.#.#........#...###.#...#.###.
#<..#.#..÷.......#.#..÷).......#.
.........÷.........###.#...#.###.
..........##...........##.##.....
..........##....J...#.........#.#
..........##....@.......#.#.....#
..........##..........#.#[#.#.###
########..#.............###...#
##.#.................###
#.#.#.########...#..# #...#.#
##..[..# #...#.# #.....## #...#.#
####[..#### ....... ###...#.


You could see a jelly.

Vanquished Creatures
  3 adders
  A worm (D:3)
  2 dart slugs (D:3)
  A ball python (D:2)
  A giant cockroach (D:2)
  2 hobgoblins
  2 jackals (D:2)
  3 kobolds
  5 bats
  3 frilled lizards (D:3)
  2 goblins
  2 rats (D:3)
27 creatures vanquished.

Notes
Turn   | Place    | Note
-------+----------+-------------------------------------------
     0 | D:1      | Esekla the Octopode Venom Mage began the quest for the Orb.
     0 | D:1      | Reached XP level 1. HP: 11/11 MP: 3/3
   513 | D:2      | Found a bloodstained altar of Trog.
   515 | D:2      | Found a blossoming altar of Fedhas.
   527 | D:2      | Reached skill level 4 in Poison Magic
   527 | D:2      | Reached XP level 2. HP: 11/18 MP: 1/5
   789 | D:2      | Learned a level 2 spell: Poisonous Vapours
   891 | D:2      | Noticed Sigmund
  1038 | D:3      | Reached XP level 3. HP: 22/22 MP: 6/6
  1110 | D:3      | Reached skill level 1 in Fighting
  1110 | D:3      | Reached XP level 4. HP: 12/28 MP: 2/7
  1257 | D:3      | Splashed by a jelly's acid

Levels and vault maps discovered:
D:1:      evilmike_arrival_crescent, layout_basic
D:2:      layout_loops_corners, chequers_temple_overflow_statue_of_worship,
          elyvilon_altar_5, uniq_sigmund
D:3:      layout_basic, first_ration, minmay_misc_feat_columns,
          minmay_fractal_squares_5, uniq_grinder

Skill      XL: |  1  2  3 |
---------------+----------+-----
Poison Magic   | 4 |  4.3
Stealth        | 3 |  3.2
Fighting       | 1 |  1.0
Short Blades   | |  0.2
Dodging        | |  2.4
Spellcasting   | |  2.5
Transmutations | |  1.0
Air Magic      | |  0.3

Action                   |  1- 3 |  4- 6 || total
-------------------------+-------+-------++-------
Melee: Unarmed           |    24 |       ||    24
       Constrict         |    16 |       ||    16
       Tentacles         |     6 |       ||     6
       Short sword       |    22 |     5 ||    27
 Cast: Sting             |     8 |     1 ||     9
       Poisonous Vapours |     6 |       ||     6
 Stab: Sleeping          |     6 |       ||     6
  Eat: Chunk             |       |     2 ||     2
Armor: Skin              |     6 |       ||     6
Dodge: Dodged            |    29 |     3 ||    32

Table legend:
 A = Non-vault XP
 B = Vault XP
 C = Vault XP percentage of total XP
 D = Non-vault monster count
 E = Vault monster count
 F = Vault count percentage of total count
                 A         B        C        D         E       F
            +---------+---------+-------+---------+---------+-------
      Total |      73 |      12 |  14.1 |      20 |       7 |  25.9
            +---------+---------+-------+---------+---------+-------
        D:1 |       2 |       0 |   0.0 |       1 |       0 |   0.0
        D:2 |      28 |       0 |   0.0 |       9 |       0 |   0.0
        D:3 |      43 |      12 |  21.8 |      10 |       7 |  41.2
            +---------+---------+-------+---------+---------+-------
